 Seeded DCSS version 0.28.0-62-gf88900778d (webtiles) character file.

Game seed: 1440738966960892338 (custom seed)

21279 cbfl8 the Carver (level 12, -8/154 HPs)
             Began as a Minotaur Berserker on July 2, 2023.
             Was an Elder of Trog.
             Mangled by a white ugly thing (17 damage)
             ... while petrified by a basilisk
             ... on level 10 of the Dungeon.
             The game lasted 00:13:00 (12613 turns).

cbfl8 the Carver (Minotaur Berserker)              Turns: 12613, Time: 00:13:01

Health: -8/154     AC: 20    Str: 22    XL:     12   Next: 52%
Magic:  11/11      EV:  2    Int:  4    God:    Trog [****..]
Gold:   430        SH:  0    Dex: 15    Spells: 11/11 levels left

rFire   + . .      SeeInvis .   t - +7 Throatcutter {drain, coup de grace}
rCold   . . .      Faith    .   k - +0 kite shield
rNeg    + + +      Spirit   .   j - +0 chain mail
rPois   ∞          Reflect  +   (helmet restricted)
rElec   .          Harm     .   e - +2 cloak
rCorr   .          Rampage  .   h - +0 pair of gloves
Will    .....                   (no boots)
Stlth   ..........              c - amulet of reflection
HPRegen 0.35/turn               d - ring of protection from fire
MPRegen 0.12/turn               z - +4 ring of protection

@: berserking (expiring), petrified
A: horns 2, retaliatory headbutt
a: Renounce Religion, Berserk, Trog's Hand, Brothers in Arms


You were on level 10 of the Dungeon.
You worshipped Trog.
Trog was greatly pleased with you.
You visited 1 branch of the dungeon, and saw 12 of its levels.
You also visited: Bailey.

You collected 846 gold pieces.
You spent 416 gold pieces at shops.

Inventory:

Hand Weapons
 t - the +7 Throatcutter (weapon) {drain, coup de grace}
   (You found it on level 6 of the Dungeon)

   A truly terrible weapon, it drains the life of any living foe it strikes.
   It may instantly kill foes which have little health.
Armour
 e - a +2 cloak (worn)
 h - a +0 pair of gloves (worn)
 j - a +0 chain mail (worn)
 k - a +0 kite shield (worn)
Jewellery
 c - an amulet of reflection (around neck)
 d - a ring of protection from fire (left hand)
 z - a +4 ring of protection (right hand)
Wands
 E - a wand of polymorph (6)
 F - a wand of paralysis (11)
Scrolls
 p - 2 scrolls of enchant armour
 r - 5 scrolls of teleportation
 u - 3 scrolls of blinking
 v - a scroll of magic mapping
 A - a scroll of fear
 B - a scroll of summoning {unknown}
 C - 2 scrolls of enchant weapon {unknown}
 D - a scroll of fog {unknown}
Potions
 a - a potion of cancellation {unknown}
 b - 5 potions of curing
 f - 2 potions of haste
 g - a potion of lignification {unknown}
 i - 4 potions of degeneration {unknown}
 l - 3 potions of might {unknown}
 m - a potion of resistance
 n - 4 potions of heal wounds {unknown}
 o - 2 potions of berserk rage {unknown}
 q - 2 potions of mutation {unknown}
 s - 2 potions of attraction {unknown}
 w - a potion of flight {unknown}
 x - 5 potions of invisibility {unknown}


   Skills:
 + Level 8.7 Fighting
 * Level 14.9 Long Blades
 + Level 9.9 Armour
 + Level 6.1 Dodging
 + Level 2.4 Stealth
 + Level 9.4 Shields
 * Level 7.7 Evocations


You had 11 spell levels left.
You didn't know any spells.
Your spell library was empty.

Dungeon Overview and Level Annotations

Branches:
Dungeon (12/15)            Temple (0/1) D:4            Lair (0/6) D:10
    Orc (0/2) D:11         Bailey (visited)

Altars:
Gozag
Kikubaaqudgha
Nemelex Xobeh
Wu Jian
The Shining One

Shops:
D:3 =   D:7 (   D:9 !

Annotations:
D:10 exclusion: orange crystal statue


Innate Abilities, Weirdness & Mutations

You have a pair of horns on your head.
You reflexively headbutt those who attack you in melee.


Message History

You block the basilisk's attack.
The orc knight hits you with a +0 great mace!
The white ugly thing tentacle-slaps you but does no damage.
You block the white ugly thing's attack.
You have turned to stone.
The basilisk bites you!
The orc knight hits you with a +0 great mace!
The white ugly thing basks in the mutagenic energy from its kin and changes!
The white ugly thing pecks you. The white ugly thing freezes you!!
The basilisk gazes at you. You resist with some effort.
The orc knight hits you with a +0 great mace!!
* * * LOW HITPOINT WARNING * * *
The white ugly thing pecks you but does no damage.
The basilisk bites you!
* * * LOW HITPOINT WARNING * * *
The orc knight hits you but does no damage.
The white ugly thing pecks you but does no damage.
The green ugly thing stings you but does no damage.
The basilisk bites you but does no damage.
The orc knight hits you with a +0 great mace!
* * * LOW HITPOINT WARNING * * *
The white ugly thing completely misses you.
The green ugly thing stings you but does no damage.
The basilisk bites you.
* * * LOW HITPOINT WARNING * * *
The orc knight hits you with a +0 great mace!
* * * LOW HITPOINT WARNING * * *
The white ugly thing pecks you but does no damage.
The green ugly thing stings you.
* * * LOW HITPOINT WARNING * * *
The basilisk barely misses you.
The orc knight hits you with a +0 great mace!
* * * LOW HITPOINT WARNING * * *
The green ugly thing stings you!
* * * LOW HITPOINT WARNING * * *
The white ugly thing pecks you.
* * * LOW HITPOINT WARNING * * *
The white ugly thing freezes you!!
You die...

............ ..
#.........# ..#.. #..#
#....$....# .... ...#
#.........# ...# ....#
#.........# ..##....#
#)........# ........#
######..?.######....#..#
...............oul.....#
###########....u@†.....#
##############


You could see an orc knight, 2 ugly things and a basilisk.

Vanquished Creatures
  An orc warlord (Bailey)
  An ogre mage (D:10)
  A catoblepas (D:10)
  2 centaur warriors
  A two-headed ogre (D:9)
  Pikel (D:5)
  A cyclops (D:8)
  2 manticores (D:10)
  3 centaur zombies
  2 gargoyles (D:11)
  An unseen horror (D:10)
  Maggie (D:8)
  A komodo dragon (D:10)
  2 kobold demonologists
  A troll (D:11)
  A hornet (D:8)
  A centaur simulacrum (D:10)
  A wyvern (D:6)
  A wraith (D:10)
  A basilisk (D:10)
  3 vampire mosquitoes (D:10)
  Edmund (D:6)
  Duvessa (D:4)
  2 acid dragons
  2 water moccasins
  An ice beast (D:8)
  A sky beast (D:5)
  A black bear (D:6)
  5 orc warriors
  2 ogres
  7 centaurs
  A lemure (D:5)
  2 phantoms (D:4)
  Blork the orc (D:6)
  A gnoll sergeant (D:9)
  2 bullfrogs
  2 scorpions
  2 water moccasin zombies (D:5)
  2 wyvern skeletons
  Dowan (D:4)
  3 water moccasin skeletons
  14 killer bees
  3 wights (D:8)
  3 howler monkeys
  2 electric eels
  3 jellies (D:6)
  Crazy Yiuf (D:2)
  An orc priest (D:8)
  2 bullfrog skeletons
  2 iguanas
  8 orc wizards
  A howler monkey zombie (D:11)
  A howler monkey skeleton (D:5)
  3 adders
  8 gnolls
  2 white imps (D:6)
  An ufetubus (D:6)
  2 worms
  2 dart slugs
  26 orcs
  6 endoplasms
  14 giant cockroaches
  10 goblins
  10 hobgoblins
  3 quokkas
  6 ball pythons
  2 bats
  2 frilled lizards
  21 kobolds
228 creatures vanquished.

Vanquished Creatures (others)
  A human (D:5)
  3 plants
4 creatures vanquished.

Grand Total: 232 creatures vanquished

Notes
Turn   | Place    | Note
-------+----------+-------------------------------------------
     0 | D:1      | cbfl8 the Minotaur Berserker began the quest for the Orb.
     0 | D:1      | Reached XP level 1. HP: 19/19 MP: 0/0
    95 | D:1      | Reached skill level 4 in Long Blades
   250 | D:1      | Reached XP level 2. HP: 23/27 MP: 1/1
   392 | D:1      | Found a faded altar of an unknown god.
   773 | D:1      | Reached ** piety under Trog
   966 | D:2      | Noticed an ogre
   972 | D:2      | Killed an ogre
   973 | D:2      | Reached skill level 5 in Long Blades
   973 | D:2      | Reached skill level 1 in Evocations
   973 | D:2      | Reached XP level 3. HP: 33/33 MP: 2/2
   973 | D:2      | Reached XP level 4. HP: 40/40 MP: 3/3
  1413 | D:2      | Found a runed translucent door.
  1414 | D:2      | Noticed Crazy Yiuf
  1533 | D:2      | Found an ornate altar of the Wu Jian Council.
  1867 | D:2      | Killed Crazy Yiuf
  1868 | D:2      | Reached XP level 5. HP: 46/46 MP: 4/4
  2091 | D:3      | Found Isylaux's Jewellery Emporium.
  2303 | D:3      | Reached skill level 6 in Long Blades
  2921 | D:4      | Found a staircase to the Ecumenical Temple.
  3046 | D:4      | Noticed a phantom
  3048 | D:4      | Noticed a phantom
  3054 | D:4      | Killed a phantom
  3055 | D:4      | Reached skill level 1 in Shields
  3055 | D:4      | Reached XP level 6. HP: 52/52 MP: 5/5
  3109 | D:4      | Reached skill level 7 in Long Blades
  3444 | D:4      | Noticed Duvessa
  3445 | D:4      | Noticed Dowan
  3452 | D:4      | Killed Duvessa
  3453 | D:4      | Reached XP level 7. HP: 60/60 MP: 6/6
  3473 | D:4      | Killed Dowan
  3474 | D:4      | Reached skill level 8 in Long Blades
  4225 | D:5      | Entered Level 5 of the Dungeon
  4463 | D:5      | Reached *** piety under Trog
  4538 | D:5      | Noticed Pikel
  4554 | D:5      | Killed Pikel
  4555 | D:5      | Reached skill level 9 in Long Blades
  4555 | D:5      | Reached skill level 5 in Armour
  4555 | D:5      | Reached XP level 8. HP: 57/67 MP: 7/7
  5007 | D:5      | Reached skill level 5 in Fighting
  5287 | D:5      | Found an ancient bone altar of Kikubaaqudgha.
  5497 | D:6      | Noticed Edmund
  5512 | D:6      | Killed Edmund
  5515 | D:6      | Reached skill level 10 in Long Blades
  5626 | D:6      | Found an opulent altar of Gozag.
  5699 | D:6      | Reached XP level 9. HP: 55/74 MP: 8/8
  5970 | D:6      | Noticed Blork the orc
  5978 | D:6      | Killed Blork the orc
  6120 | D:6      | Found the +7 Throatcutter {drain, coup de grace}
  6208 | D:6      | Found a sparkling altar of Nemelex Xobeh.
  6221 | D:6      | Found a glowing golden altar of the Shining One.
  6507 | D:7      | Found Uto Xio's Weapon Shoppe.
  6512 | D:7      | Reached skill level 11 in Long Blades
  7320 | D:8      | Reached skill level 5 in Shields
  7512 | D:8      | Reached **** piety under Trog
  7513 | D:8      | Reached skill level 12 in Long Blades
  7589 | D:8      | Noticed Maggie
  7597 | D:8      | Killed Maggie
  7598 | D:8      | Reached XP level 10. HP: 72/83 MP: 9/9
  7818 | D:8      | Noticed a cyclops
  7824 | D:8      | HP: 4/124 [cyclops (21)]
  7828 | D:8      | Killed a cyclops
  8487 | D:9      | Noticed a two-headed ogre
  8546 | D:9      | Killed a two-headed ogre
  8547 | D:9      | Reached skill level 5 in Evocations
  8848 | D:9      | Noticed an orange demon
  8856 | D:8      | Reached skill level 13 in Long Blades
  8857 | D:8      | Noticed a sun demon
  9825 | D:9      | Found Nemowud's Distillery.
  9830 | D:9      | Bought a potion of curing for 48 gold pieces
  9830 | D:9      | Bought a potion of curing for 48 gold pieces
  9830 | D:9      | Bought a potion of haste for 160 gold pieces
 10037 | D:9      | Bought a potion of resistance for 160 gold pieces
 10045 | D:10     | Entered Level 10 of the Dungeon
 10085 | D:10     | Noticed an orange crystal statue
 10157 | D:10     | Found a flagged portal.
 10166 | Bailey   | Entered a bailey
 10172 | Bailey   | Noticed an orc warlord
 10260 | Bailey   | Found a runed translucent gate.
 10263 | Bailey   | Found a runed translucent gate.
 10265 | Bailey   | Found a runed translucent gate.
 10445 | Bailey   | Killed an orc warlord
 10591 | Bailey   | Reached skill level 14 in Long Blades
 10591 | Bailey   | Reached skill level 5 in Dodging
 10591 | Bailey   | Reached XP level 11. HP: 94/94 MP: 10/10
 10851 | D:10     | Noticed a catoblepas
 10861 | D:10     | Killed a catoblepas
 10936 | D:10     | Reached XP level 12. HP: 101/101 MP: 11/11
 11533 | D:10     | Found a staircase to the Lair.
 11739 | D:11     | Found a staircase to the Orcish Mines.
 11849 | D:11     | Noticed a centaur warrior
 11857 | D:11     | Killed a centaur warrior
 12220 | D:11     | Identified the +9 war axe of the Unstoppable Stars {chaos,
                  | rElec rF- rC- Int+8}
 12365 | D:10     | Noticed a centaur warrior
 12372 | D:10     | Killed a centaur warrior
 12373 | D:10     | Noticed an ogre mage
 12399 | D:10     | Killed an ogre mage
 12613 | D:10     | Mangled by a white ugly thing

Illustrated notes

Levels and vault maps discovered:
D:1:      dpeg_arrival_morbid_curiosity, layout_loops_ring,
          hellmonk_ecumenical_altar_heavens_door
D:2:      layout_basic, basic_altar, uniq_crazy_yiuf_cottage
D:3:      minmay_roachtagon, layout_basic, serial_shops, shop_coins
D:4:      layout_layer_cave, temple_pool_b, uniq_duvessa
D:5:      layout_basic, tgw_kikubaaqudgha, uniq_pikel
D:6:      corexii_shack_village, layout_basic, mainiacjoe_overflow_alcove_2,
          mainiacjoe_overflow_big_doors, nicolae_elevator_lobby_asterisk,
          uniq_blork_the_orc, uniq_edmund
D:7:      layout_loops_cross, nicolae_inconvenience_store,
          roderic_serpentine_path
D:8:      layout_cave_pools, nicolae_two_hexagons,
          chequers_serial_rivers_micro_c, nicolae_figureground_sparkle,
          uniq_maggie
D:9:      layout_rooms, serial_corexii_hall, chequers_hall_statues_corner_a,
          chequers_hall_statues_wall_a, serial_shops, nicolae_shop_crystal,
          nrook_pool_corridor
D:10:     minmay_cut_squares, layout_cross, david_lair_shrubbed, enter_bailey_8,
          minmay_statue_bubble, uniq_grum
D:11:     layout_rooms, orc_0_dummy
D:12:     layout_grid_maze, hangedman_decor_clover_reticule,
          nicolae_ashenzari_skybound

Skill      XL: |  1  2  3  4  5  6  7  8  9 10 11 12 |
---------------+-------------------------------------+-----
Long Blades    | 4 5 6 7 9 10 12 14 | 14.9
Fighting       | 4 5 6 7 8 |  8.7
Evocations     | 1 2 3 4 6 7 |  7.7
Armour         | 3 4 5 6 8 9 |  9.9
Shields        | 1 3 4 5 8 9 |  9.4
Dodging        | 3 4 5 6 |  6.1
Stealth        | 2 |  2.4

Action                   |  1- 3 |  4- 6 |  7- 9 | 10-12 || total
-------------------------+-------+-------+-------+-------++-------
Melee: Falchion          |    44 |   105 |       |       ||   149
       Headbutt          |     6 |    12 |    41 |    35 ||    94
       Punch             |       |     2 |       |       ||     2
       Long sword        |       |    10 |   241 |   204 ||   455
Invok: Berserk           |     1 |     4 |     3 |     7 ||    15
       Trog's Hand       |       |       |     1 |       ||     1
Evoke: Wand              |       |       |     2 |     5 ||     7
  Use: Potion            |     1 |       |     1 |     1 ||     3
       Scroll            |       |     2 |     1 |     7 ||    10
Armor: Ring mail         |     7 |    30 |    69 |       ||   106
       Chain mail        |       |       |    21 |   248 ||   269
Dodge: Dodged            |    26 |    61 |    92 |    85 ||   264
Block: Other             |    13 |    20 |     6 |       ||    39
       Reflection        |     1 |     1 |     6 |    32 ||    40
       Kite shield       |       |       |   149 |   243 ||   392
